 Dungeon Crawl Stone Soup version 0.27-a0-1548-gf8a67e7463 (webtiles) character file.

Game seed: 18097974458211752342

106 Spaninq the Insei (level 4, 0/36 HPs)
             Began as a Draconian Transmuter on July 13, 2021.
             Succumbed to an adder's poison
             ... on level 3 of the Dungeon.
             The game lasted 00:06:06 (2037 turns).

Spaninq the Insei (Draconian Transmuter)            Turns: 2037, Time: 00:06:07

Health: 0/36       AC:  6    Str: 11 (12) XL:     4   Next: 55%
Magic:  6/7        EV: 12    Int: 13 (14) God:
Gold:   40         SH:  0    Dex: 11 (12) Spells: 7/8 levels left

rFire    . . .     SeeInvis .     - Unarmed
rCold    . . .     Faith    .   (no shield)
rNeg     . . .     Spirit   .   (armour unavailable)
rPois    .         Reflect  .   (helmet currently unavailable)
rElec    .         Harm     .   (no cloak)
rCorr    .         Rampage  .   i - +0 pair of gloves
Will     .....                  (boots currently unavailable)
Stlth    +.........             (no amulet)
HPRegen  0.12/turn              (no ring)
MPRegen  0.10/turn              (no ring)

@: mighty, brilliant, lethally poisoned (0 -> -1), appendages
A: horns 2, talons 2, AC +5, unfitting armour, cold-blooded, MP-powered wands
a: End Transformation


You were on level 3 of the Dungeon.
You had temporarily grown beastly horns and talons.
You visited 1 branch of the dungeon, and saw 3 of its levels.

You collected 94 gold pieces.
You spent 54 gold pieces at shops.

Inventory:

Armour
 i - a +0 pair of gloves (worn)
 l - a +0 buckler
Jewellery
 j - a +4 ring of protection
Scrolls
 b - 2 scrolls of fear {unknown}
 e - 2 scrolls of fog {unknown}
 f - a scroll of summoning {unknown}
 g - a scroll of noise {unknown}
 k - a scroll of magic mapping {unknown}


   Skills:
 + Level 2.1 Fighting
 + Level 2.3 Dodging
 * Level 4.0 Unarmed Combat
 + Level 2.5 Spellcasting
 + Level 2.6 Transmutations


You had 7 spell levels left.
You knew the following spells:

 Your Spells              Type           Power      Damage    Failure   Level
a - Beastly Appendage     Tmut           24%        N/A       9%          1

Your spell library contained the following spells:

 Spells                   Type           Power      Damage    Failure   Level
 Wereblood                Tmut           12%        N/A       13%         2
 Foxfire                  Conj/Fire      8%         2x1d4     24%         1
 Spider Form              Tmut/Pois      3%         N/A       38%         3
 Conjure Flame            Conj/Fire      2%         6-21      58%         3
 Inner Flame              Hex/Fire       2%         N/A       58%         3
 Ice Form                 Ice/Tmut       7%         N/A       80%         4


Dungeon Overview and Level Annotations

Branches:
Dungeon (3/15)

Altars:

Shops:
D:1 [


Innate Abilities, Weirdness & Mutations

You have temporarily grown beastly horns and talons.
Your plain brown scales are hard. (AC +5)
You cannot fit into any form of body armour.
You are cold-blooded and may be slowed by cold attacks.
You expend magic power (3 MP) to strengthen your wands.


Message History

You extend your transformation's duration.
Robin points. "Kill!"
Robin barely misses you. Robin misses you.
Things that are here:
a +0 dagger; a goblin corpse You hit Robin.
You claw Robin, but do no damage. You tail-slap Robin.
Robin is almost dead.
Robin hits you with a +0 spear.
* * * LOW HITPOINT WARNING * * *
You hit Robin but do no damage. You tail-slap Robin.
Robin is almost dead.
Robin barely misses you.
You closely miss Robin. Your kick misses Robin. You headbutt Robin.
You kill Robin!
Your Unarmed Combat skill increases to level 4!
You hit the adder.
The adder is heavily wounded.
The adder bites you.
* * * LOW HITPOINT WARNING * * *
You are poisoned.
The adder poisons you! The adder bites you.
* * * LOW HITPOINT WARNING * * *
It was a potion of brilliance.
You feel clever all of a sudden.
* * * LOW HITPOINT WARNING * * *
You feel sick. The adder closely misses you.
It was a potion of degeneration.
There was something very wrong with that liquid.
You feel weakened.
You feel dopey.
You feel clumsy.
* * * LOW HITPOINT WARNING * * *
You feel sick. The adder bites you but does no damage.
It was a potion of mutation.
You feel extremely strange.
You feel your magical essence link to the dungeon's wands.
* * * LOW HITPOINT WARNING * * *
You feel sick. The adder bites you but does no damage.
The adder closely misses you.
It was a potion of might.
You feel very mighty all of a sudden.
You die... g

# S.#. ..... ..#..##
.#### ......< ....
..#...g######.######
.......gg)..........
##.....#S##....####
#....#.#@###.#.#
.... #.#)# #...# #..
#.#.# ##..## #.
#.#.# #...# .
#+#.####.#.########
...#..............
...##.#.#.########
...##......######
................#


You could see an adder, 2 hobgoblins and a goblin (strong).

Vanquished Creatures
  Robin (D:3)
  2 adders (D:3)
  4 dart slugs (D:1)
  An orc (D:3)
  3 ball pythons
  3 endoplasms (D:1)
  3 giant cockroaches
  10 goblins
  6 hobgoblins
  10 jackals (D:1)
  2 kobolds (D:1)
  4 quokkas
  4 bats
  A frilled lizard (D:1)
  5 rats
59 creatures vanquished.

Vanquished Creatures (others)
  2 fungi (D:1)
  2 plants (D:1)
4 creatures vanquished.

Grand Total: 63 creatures vanquished

Notes
Turn   | Place    | Note
-------+----------+-------------------------------------------
     0 | D:1      | Spaninq the Draconian Transmuter began the quest for the
                  | Orb.
     0 | D:1      | Reached XP level 1. HP: 16/16 MP: 3/3
   170 | D:1      | Reached XP level 2. HP: 23/23 MP: 3/5
   544 | D:1      | Reached XP level 3. HP: 24/28 MP: 4/6
   680 | D:1      | Found Ewanaont's Armour Shop.
  1060 | D:1      | Found a faded altar of an unknown god.
  1323 | D:1      | Bought a +0 pair of gloves for 54 gold pieces
  1702 | D:3      | Reached XP level 4. HP: 20/36 MP: 4/7
  1991 | D:3      | Noticed Robin
  2032 | D:3      | Killed Robin
  2033 | D:3      | Reached skill level 4 in Unarmed Combat
  2036 | D:3      | Gained mutation: You expend magic power (3 MP) to
                  | strengthen your wands. [potion of mutation]
  2036 | D:3      | HP: 1/36 [poisoned by an adder]
  2037 | D:3      | Succumbed to an adder's poison

Illustrated notes

Levels and vault maps discovered:
D:1:      wander_arrival_desolate, layout_loops_ring,
          dreamdust_ecumenical_altar_grove, serial_shops, shop
D:2:      layout_rooms, kennysheep_path_1, minivault_11, st_stairs_14,
          hangedman_decor_riveting
D:3:      layout_basic, nrook_loot_triangle, uniq_ijyb, uniq_robin

Skill      XL: |  1  2  3  4 |
---------------+-------------+-----
Dodging        | 2 |  2.3
Fighting       | 2 |  2.1
Unarmed Combat | 4 |  4.0
Spellcasting   | |  2.5
Transmutations | |  2.6

Action                   |  1- 3 |  4- 6 || total
-------------------------+-------+-------++-------
Melee: Unarmed           |   132 |    53 ||   185
       Kick              |    23 |     8 ||    31
       Headbutt          |    12 |     6 ||    18
       Tailslap          |     8 |     6 ||    14
       Punch             |     1 |     2 ||     3
 Cast: Beastly Appendage |    30 |     8 ||    38
  Use: Potion            |       |     4 ||     4
 Stab: Sleeping          |     1 |       ||     1
Armor: Skin              |    46 |    28 ||    74
Dodge: Dodged            |    74 |    58 ||   132

Table legend: (Time is in decaauts)
 A = Elapsed time spent in this place.
 B = Non-inter-level travel time spent in this place.
 C = Inter-level travel time spent in this place.
 D = Time resting spent in this place.
 E = Time spent auto-exploring this place.
 F = Levels seen in this place.
 G = Mean time per level.
                   A        B        C        D        E       F      G
               +--------+--------+--------+--------+--------+-----+--------+
         Total |   2027 |   1984 |     43 |    127 |   1399 |   3 |  675.7 |
       Dungeon |   2027 |   1984 |     43 |    127 |   1399 |   3 |  675.7 |
               +--------+--------+--------+--------+--------+-----+--------+

Top non-repeatable levels by time:
     D:1: 1173 daAuts
     D:2: 505 daAuts
     D:3: 348 daAuts
